cohdb
Replays
Latest Replays
All Replays
Popular Replays
Top Player Replays
Match Explorer
How It Works
Community
CoH3 Stats
Reddit
Sign in to upload your games and track your stats! →
Sign in with Steam
Match 42181326
Unlisted
Match 42181326
Overview
Messages
Build Orders
End
Construct Section Command Post
Infantry Section
Dingo Light Scout Car
Infantry Section
Selects Indian Artillery Battlegroup
Selects Towed ML 4.2-inch Heavy Mortar
Towed ML 4.2-inch Heavy Mortar
Construct Platoon Command Post
Humber Armored Car
Royal Engineer Section
Selects Valour
Selects Gurkha Rifles Section
Gurkha Rifles Section
Construct Company Command Post
Crusader II Medium Tank
Crusader II Medium Tank
Selects Pillage
Royal Engineer Section
Unlock Towed 17-pounder Anti-tank Guns
17-pounder Anti-tank Gun Team
Unlock M3 Grant Medium Tanks
M3 Grant Medium Tank
M3 Grant Medium Tank
Selects Off-map Airburst Barrage
Off-map Airburst Barrage
Armored Vehicle Training
Selects BL5.5 Artillery Emplacement
Off-map Airburst Barrage
Off-map Airburst Barrage
M3 Grant Medium Tank
Off-map Airburst Barrage
M3 Grant Medium Tank
Royal Engineer Section
Royal Engineer Section
M3 Grant Medium Tank
Off-map Airburst Barrage
Off-map Airburst Barrage
M3 Grant Medium Tank
M3 Grant Medium Tank
Off-map Airburst Barrage
Royal Engineer Section
Off-map Airburst Barrage
Off-map Airburst Barrage
Off-map Airburst Barrage
Spitsa
StealEyes
Scooter
Mila!
Officer TJ
Felid
uran200
Iron
0
0
Comments
sign in to comment!
No comments posted yet!